 Dungeon Crawl Stone Soup version 0.19.3-1-g3169bf9 (webtiles) character file.

11736 Feta the Slinger (level 12, -3/97 HPs)
             Began as a Formicid Fighter on Jan 26, 2017.
             Was a High Priest of Okawaru.
             Killed from afar by a storm dragon (50 damage)
             ... with a bolt of lightning
             ... on level 12 of the Dungeon.
             The game lasted 00:39:15 (12117 turns).

Feta the Slinger (Formicid Fighter)                Turns: 12117, Time: 00:39:15

Health: -3/97      AC: 18    Str: 24    XL:     12   Next: 11%
Magic:  13/13      EV:  7    Int:  7    God:    Okawaru [*****.]
Gold:   652        SH: 13    Dex: 13    Spells: 0 memorised, 11 levels left

rFire  . . .     SeeInvis +     a - +0 battleaxe
rCold  . . .     Gourm    .     k - +0 plate armour
rNeg   . . .     Faith    .     c - +1 shield
rPois  .         Spirit   .     (helmet unavailable)
rElec  .         Reflect  .     R - +0 cloak
rCorr  .         Harm     +     h - +2 pair of gloves {Dex+3}
MR     +....                    (no boots)
Stlth  ..........               A - amulet of harm
                                v - +3 ring of slaying
                                n - -3 ring of dexterity (curse)

@: no status effects
A: permanent stasis, dig shafts and tunnels, four strong arms, antennae 3
a: Dig, Shaft Self, Heroism, Finesse, Renounce Religion


You were on level 12 of the Dungeon.
You worshipped Okawaru.
Okawaru was extremely pleased with you.
You were not hungry.

You visited 3 branches of the dungeon, and saw 14 of its levels.
You also visited: Ossuary.

You collected 652 gold pieces.

Inventory:

Hand Weapons
 a - a +0 battleaxe (weapon)
 b - a +0 hunting sling
 f - a +0 dire flail
 o - a +0 hunting sling of flaming
 U - a +1 flail of protection
Missiles
 p - 255 stones (quivered)
 q - 85 sling bullets
Armour
 c - a +1 shield (worn)
 h - a +2 pair of gloves of dexterity (worn)
 k - a +0 plate armour (worn)
 R - a +0 cloak (worn)
Jewellery
 n - a cursed -3 ring of dexterity (left hand)
 v - a +3 ring of slaying (right hand)
 A - an amulet of harm (around neck)
 Q - an uncursed ring of stealth
Wands
 N - a wand of disintegration (9/24)
 T - a wand of lightning (10/15)
 X - a wand of lightning (7/15)
 Z - a wand of disintegration (17/24)
Scrolls
 d - a scroll of holy word {unknown}
 r - a scroll of identify
 y - a scroll of remove curse
 z - 4 scrolls of fear
 L - 2 scrolls of enchant weapon {unknown}
 M - a scroll of noise {unknown}
 P - a scroll of vulnerability {unknown}
Potions
 e - 3 potions of beneficial mutation {unknown}
 m - 4 potions of agility
 D - a potion of cancellation {unknown}
 E - 2 potions of invisibility {unknown}
 G - 2 potions of might
 I - 3 potions of curing
 J - 3 potions of mutation {unknown}
 O - 2 potions of lignification {unknown}
Comestibles
 g - 2 beef jerkies
 i - 7 slices of pizza
 j - 3 bread rations
 l - a royal jelly
 s - 8 chunks of flesh
 S - 3 fruits


   Skills:
 + Level 9.7 Fighting
 + Level 9.6 Axes
 + Level 10.1 Slings
 + Level 8.3 Armour
 - Level 9.2 Shields
 + Level 1.3 Invocations


You had 11 spell levels left.
You didn't know any spells.

Dungeon Overview and Level Annotations

Branches:
Dungeon (12/15)            Temple (1/1) D:5            Lair (1/6) D:9
    Orc: D:9-12

Altars:
Ashenzari
Cheibriados
Dithmenos
Elyvilon
Fedhas
Gozag
Hepliaklqana
Kikubaaqudgha
Makhleb
Nemelex Xobeh
Okawaru
Qazlal
Ru
Sif Muna
Trog
Uskayaw
Vehumet
Xom
Yredelemnul
Zin
The Shining One

Shops:
D:6 (   D:7 [


Innate Abilities, Weirdness & Mutations

You are under a permanent stasis effect.
You can dig through walls and to a lower floor.
Your four strong arms can wield two-handed weapons with a shield.
You have a pair of large antennae on your head. (SInv)


Message History

The deep elf mage gestures at you while chanting.
The bolt of lightning hits you!
Your plate armour prevents you from hitting the deep elf mage.
The deep elf mage is almost dead.
The deep elf mage hits you but does no damage.
The deep elf mage gestures at you while chanting.
The bolt of lightning hits you!
You closely miss the deep elf mage.
The deep elf mage is almost dead.
The deep elf mage mumbles some strange words.
The deep elf mage blinks!
You hit the storm dragon but do no damage.
The storm dragon completely misses you.
The storm dragon claws you but does no damage.
You block the storm dragon's attack.
You closely miss the storm dragon.
The storm dragon breathes lightning at you.
The bolt of lightning hits you!
Ouch! That really hurt!
You die...

#.####........
#....#........
#....#........
#....##.######
#....#.######
#.##.#<...... ####{
#<.#.#†###### #..D###
#..#.÷......# ##@.#
#..#.:.....)# #.###
#...........#
###.####...........#
##..................#
#...######..........#
#...................#
#........#...#.###...
##.#####.###.#.......
...####......#.###...


You could see a storm dragon.

Vanquished Creatures
  Nergalle (D:10)
  An unseen horror (D:12)
  Pikel (D:5)
  A komodo dragon (D:11)
  A hippogriff (Lair:1)
  2 shadows (D:12)
  14 yaks
  A wraith (Ossuary)
  A human (D:10)
  3 hogs (D:10)
  A hungry ghost (D:7)
  2 mottled dragons
  2 hell hounds (D:9)
  3 ice beasts
  3 sky beasts
  2 slaves
  3 black bears
  A necrophage (D:11)
  4 phantoms
  6 ogres
  5 centaurs
  A crocodile (D:10)
  2 elf zombies (D:6)
  9 bullfrogs
  The ghost of Vojta the Vexing, an amateur SpAM (D:3)
  2 elf skeletons (D:6)
  4 scorpions
  3 killer bees (D:9)
  16 wights
  A bullfrog zombie (D:12)
  6 crimson imps
  A gnoll shaman (D:10)
  A bullfrog skeleton (D:10)
  9 hounds
  2 jellies (D:6)
  2 orc priests
  3 centaur skeletons
  8 worker ants
  Natasha (thrice) (D:4)
  7 iguanas
  3 orc wizards
  A hound zombie (D:11)
  2 hound skeletons
  2 mummies
  16 adders
  9 gnolls
  5 shadow imps
  An ooze (D:3)
  5 adder skeletons
  4 worms
  A dart slug (D:2)
  9 leopard geckos
  34 orcs
  2 ball pythons
  7 giant cockroaches
  12 goblins
  9 hobgoblins
  9 jackals
  6 quokkas
  6 bats
  8 frilled lizards
  7 gnoll skeletons (Ossuary)
  6 kobolds
  5 kobold skeletons (Ossuary)
  2 leopard gecko skeletons
  15 orc skeletons
  5 rats
330 creatures vanquished.

Vanquished Creatures (others)
  A gnoll (D:5)
1 creature vanquished.

Grand Total: 331 creatures vanquished

Notes
Turn   | Place    | Note
-------+----------+-------------------------------------------
     0 | D:1      | Feta the Formicid Fighter began the quest for the Orb.
     0 | D:1      | Reached XP level 1. HP: 18/18 MP: 1/1
    32 | D:1      | Reached XP level 2. HP: 23/24 MP: 2/2
   277 | D:1      | Reached XP level 3. HP: 25/29 MP: 3/3
   805 | D:2      | Reached XP level 4. HP: 32/35 MP: 4/4
   922 | D:2      | Found a white marble altar of Elyvilon.
   922 | D:2      | Found a sparkling altar of Nemelex Xobeh.
  1754 | D:3      | Reached XP level 5. HP: 41/41 MP: 5/5
  1987 | D:3      | Reached skill level 1 in Slings
  2842 | D:3      | Noticed Vojta's ghost (amateur SpAM)
  2861 | D:3      | Killed Vojta's ghost
  2861 | D:3      | Reached skill level 2 in Slings
  2861 | D:3      | Reached XP level 6. HP: 24/48 MP: 6/6
  3580 | D:4      | Reached skill level 3 in Slings
  3723 | D:4      | Noticed Natasha
  3730 | D:4      | Killed Natasha
  3730 | D:4      | Reached XP level 7. HP: 51/54 MP: 7/7
  3786 | D:4      | Found a shadowy altar of Dithmenos.
  3905 | D:4      | Noticed Natasha
  3971 | D:4      | Killed Natasha
  4005 | D:4      | Noticed Natasha
  4011 | D:4      | Killed Natasha
  4201 | D:5      | Entered Level 5 of the Dungeon
  4201 | D:5      | Found a staircase to the Ecumenical Temple.
  4211 | Temple   | Entered the Ecumenical Temple
  4404 | Temple   | Became a worshipper of Warmaster Okawaru
  4624 | D:5      | Reached skill level 5 in Axes
  4773 | D:5      | Reached XP level 8. HP: 51/61 MP: 8/8
  4781 | D:5      | Reached skill level 5 in Shields
  4982 | D:5      | Reached skill level 5 in Fighting
  5139 | D:5      | Reached * piety under Okawaru
  5329 | D:5      | Reached skill level 4 in Slings
  5329 | D:5      | Reached skill level 5 in Armour
  5540 | D:5      | Noticed Pikel
  5582 | D:5      | Killed Pikel
  5582 | D:5      | Reached ** piety under Okawaru
  5582 | D:5      | Reached skill level 5 in Slings
  5582 | D:5      | Reached XP level 9. HP: 24/68 MP: 9/9
  6082 | D:6      | Found Zeigyeh's Antique Weapon Boutique.
  6272 | D:6      | Found a sand-covered staircase.
  6286 | Ossuary  | Entered an ossuary
  6451 | Ossuary  | Reached *** piety under Okawaru
  6899 | D:6      | Reached skill level 6 in Slings
  7182 | D:7      | Reached XP level 10. HP: 73/77 MP: 10/10
  7231 | D:7      | Found Iding's Antique Armour Emporium.
  7318 | D:7      | Reached **** piety under Okawaru
  7917 | D:8      | Reached skill level 7 in Slings
  8557 | D:9      | Reached ***** piety under Okawaru
  8849 | D:9      | Found a staircase to the Lair.
  9177 | D:9      | Found a shimmering altar of Xom.
  9268 | D:9      | Reached skill level 8 in Slings
  9493 | D:9      | Reached XP level 11. HP: 68/86 MP: 11/11
  9636 | Lair:1   | Entered Level 1 of the Lair of Beasts
  9750 | D:10     | Entered Level 10 of the Dungeon
 10047 | D:10     | Reached skill level 9 in Slings
 10393 | D:10     | Noticed Nergalle
 10545 | D:10     | Killed Nergalle
 10545 | D:10     | Received a gift from Okawaru
 11175 | D:10     | Reached skill level 1 in Invocations
 11677 | D:12     | Noticed an unseen horror
 11696 | D:11     | Reached skill level 10 in Slings
 11826 | D:12     | Killed an unseen horror
 11826 | D:12     | Reached XP level 12. HP: 78/96 MP: 9/13
 12111 | D:12     | Noticed a storm dragon
 12117 | D:12     | Killed from afar by a storm dragon

Skill      XL: |  1  2  3  4  5  6  7  8  9 10 11 |
---------------+----------------------------------+-----
Shields        | 4 5 6 7 9 |  9.2
Axes           | 3 4 5 7 8 9 |  9.6
Slings         | 2 3 5 6 8 10 | 10.1
Fighting       | 4 5 6 8 9 |  9.7
Armour         | 4 5 6 7 8 |  8.3
Invocations    | 1 |  1.3

Action                   |  1- 3 |  4- 6 |  7- 9 | 10-12 || total
-------------------------+-------+-------+-------+-------++-------
Melee: War axe           |    92 |   185 |   309 |   361 ||   947
       Battleaxe         |       |       |       |    69 ||    69
 Fire: Hunting sling     |     3 |    92 |    56 |   206 ||   357
Invok: Heroism           |       |       |     2 |     5 ||     7
 Abil: Dig               |       |     1 |     4 |     6 ||    11
  Use: Potion            |       |     1 |       |     2 ||     3
       Scroll            |       |       |       |    16 ||    16
 Stab: Distracted        |       |       |       |     1 ||     1
  Eat: Chunk             |       |     9 |    12 |    18 ||    39
Armor: Scale mail        |    12 |       |       |       ||    12
       Chain mail        |    27 |    97 |    85 |       ||   209
       Plate armour      |       |       |    57 |   159 ||   216
Dodge: Dodged            |    28 |    53 |    60 |    75 ||   216
Block: Shield            |    64 |    89 |   169 |   210 ||   532
